Workbook

Sheet PYG GENERAL
B2: COOPERATIVA DE AHORRO Y CREDITO SANTA ROSA LTDA.
B3: ESTADO DE PERDIDAS Y GANANCIAS AÑO 2026
B5: INGRESOS | C5: ENERO | D5: FEBRERO | E5: MARZO | F5: ABRIL | G5: MAYO | H5: JUNIO | I5: JULIO | J5: AGOSTO | K5: SEPTIEMBRE | L5: DEL AÑO | M5: CONSOLIDADO | N5: DIFERENCIAS | O5: CTAS | P5: VALORES
B7: Interés depósito Cta. Cte. y Ahorro | C7: 10954.66 | D7: 9820.78 | E7: 8822.47 | F7: 10772.91 | G7: 10875.31 | H7: 11276.62 | I7: 5070.65 | J7: 10268.53 | K7: 13877.87 | L7: =SUM(C7:K7) -> 91739.8 | M7: =+P7 -> 91739.8 | N7: =M7-L7 -> 0 | O7: 5101 | P7: =+BALANCE!D1433 -> 91739.8
B8: Interés Inversiones | C8: 32668.05 | D8: 31910.98 | E8: 34030.23 | F8: 30605.95 | G8: 33290.59 | H8: 30087.37 | I8: 29436.78 | J8: 28983.18 | K8: 27813.93 | L8: =SUM(C8:K8) -> 278827.06 | M8: =+P8 -> 278827.06 | N8: =M8-L8 -> 0 | O8: 5103 | P8: =+BALANCE!D1439 -> 278827.06
B9: Interés Crédito Préstamo | C9: 980151.89 | D9: 1021588 | E9: 1104762.1 | F9: 1344043.9 | G9: 1191728.8 | H9: 979108.71 | I9: 1120833 | J9: 1110832.5 | K9: 1312177.1 | L9: =SUM(C9:K9) -> 10165226 | M9: =+P9 -> 10165226 | N9: =M9-L9 -> 0 | O9: 5104-510450 | P9: =+BALANCE!D1448-BALANCE!D1458 -> 10165226
B10: Interés Mora | C10: 13674.71 | D10: 12190.15 | E10: 15138.02 | F10: 18849.96 | G10: 18710.32 | H10: 15395.79 | I10: 12246.46 | J10: 15928.11 | K10: 19408.52 | L10: =SUM(C10:K10) -> 141542.04 | M10: =+P10 -> 141542.04 | N10: =M10-L10 -> 0 | O10: 510450 | P10: =+BALANCE!D1458 -> 141542.04
B11: OTROS INTERESES Y DESCUENTOS | C11: 125.77 | D11: 25.2 | E11: 64.51 | F11: 336.98 | G11: 287.8 | H11: 85.1 | I11: 37.46 | J11: 98.33 | K11: 91.4 | L11: =SUM(C11:K11) -> 1152.55 | M11: =+P11 -> 1152.55 | N11: =+M11-L11 -> 0 | O11: 5190 | P11: =+BALANCE!D1460 -> 1152.55
B12: Comisiones Ganadas | C12: 2510.65 | D12: 2205.12 | E12: 2838.9 | F12: 2891.74 | G12: 2879.11 | H12: 3160.9 | I12: 2306.82 | J12: 2552.61 | K12: 3194.8 | L12: =SUM(C12:K12) -> 24540.65 | M12: =+P12 -> 24540.65 | N12: =M12-L12 -> 0 | O12: 52 | P12: =+BALANCE!D1463 -> 24540.65
B13: Utilidades Financieras | C13: 20803.06 | D13: 21299.28 | E13: 20386.84 | F13: 22512.27 | G13: 22243.87 | H13: 21548.66 | I13: 23777.37 | J13: 22618.31 | K13: 21198.38 | L13: =SUM(C13:K13) -> 196388.04 | M13: =+P13 -> 196388.04 | N13: =M13-L13 -> 0 | O13: 53 | P13: =+BALANCE!D1469 -> 196388.04
B14: Afiliaciones y Renovaciones | C14: 0 | D14: 0 | E14: 0 | F14: 0 | G14: 0 | H14: 0 | I14: 0 | J14: 0 | K14: 0 | L14: =SUM(C14:K14) -> 0 | M14: 0 | N14: =M14-L14 -> 0 | P14: =M14 -> 0
B15: Manejo y Cobranzas | C15: 0 | D15: 0 | E15: 0 | F15: 0 | G15: 0 | H15: 0 | I15: 0 | J15: 0 | K15: 0 | L15: =SUM(C15:K15) -> 0 | M15: 0 | N15: =M15-L15 -> 0 | P15: 0
B16: Servicios Cooperativos | C16: 23197.44 | D16: 21184.63 | E16: 21672.19 | F16: 37470.84 | G16: 30176.21 | H16: 234412.07 | I16: 39854.67 | J16: 38255.65 | K16: 35464.76 | L16: =SUM(C16:K16) -> 481688.46 | M16: =+P16 -> 481688.46 | N16: =M16-L16 -> 0 | O16: 54 | P16: =+BALANCE!D1480 -> 481688.46
B17: Otros Ingresos Operacionales | C17: 0 | D17: 0 | E17: 0 | F17: 0 | G17: 13859.46 | H17: 0 | I17: 0 | J17: 0 | K17: 0 | L17: =SUM(C17:K17) -> 13859.46 | M17: =+P17 -> 13859.46 | N17: =M17-L17 -> 0 | O17: 55 | P17: =+BALANCE!D1554 -> 13859.46
B18: Otros Ingresos(Arrendamientos, Act.Castigados,Rev.Provisión) | C18: 37875.49 | D18: 25874.33 | E18: 26291.97 | F18: 75084.54 | G18: 87159 | H18: 191153.7 | I18: 71295.51 | J18: 27319.08 | K18: 62746.97 | L18: =SUM(C18:K18) -> 604800.59 | M18: =+P18 -> 604800.59 | N18: =M18-L18 -> 0 | O18: 56-5690 | P18: =+BALANCE!D1560-BALANCE!D1577 -> 604800.59
B19: Intereses y Comisiones Ejercic.Anteriores | C19: 0 | D19: 0 | E19: 0 | F19: 0 | G19: 0 | H19: 0 | I19: 0 | J19: 0 | K19: 0 | L19: =SUM(C19:K19) -> 0 | M19: 0 | N19: =M19-L19 -> 0 | P19: =M19 -> 0
B20: Otros Ingresos (Moneygram, Tatjetas Débito y Emeloro ) | C20: 67307.56 | D20: 1807.42 | E20: 219108.18 | F20: 47960.84 | G20: 71424.28 | H20: 1674.43 | I20: 52907.93 | J20: 1976.37 | K20: 3335.77 | L20: =SUM(C20:K20) -> 467502.78 | M20: =+P20 -> 467502.78 | N20: =M20-L20 -> 0 | O20: 5690 | P20: =+BALANCE!D1577 -> 467502.78
B21: TOTAL INGRESOS | C21: =SUM(C7:C20) -> 1189269.3 | D21: =SUM(D7:D20) -> 1147905.9 | E21: =SUM(E7:E20) -> 1453115.4 | F21: =SUM(F7:F20) -> 1590529.9 | G21: =SUM(G7:G20) -> 1482634.7 | H21: 1487903.4 | I21: 1357766.6 | J21: 1258832.6 | K21: 1499309.5 | L21: =SUM(L7:L20) -> 12467267 | M21: =SUM(M7:M20) -> 12467267 | N21: =M21-L21 -> 0 | P21: =M21 -> 12467267
B23: EGRESOS (GASTOS)
B25: Intereses Pagados | C25: 931498.3 | D25: 371528.4 | E25: 656878.74 | F25: 682764.47 | G25: 562110.95 | H25: 968404.72 | I25: 707782.47 | J25: 692484.77 | K25: 694984.02 | L25: =SUM(C25:K25) -> 6268436.8 | M25: =+P25 -> 6268436.8 | N25: =M25-L25 -> 0 | O25: 4101 | P25: =+BALANCE!D1181 -> 6268436.8
B26: Obligaciones financieras | C26: 0 | D26: 832.05 | E26: 554.7 | F26: 250.51 | G26: 0 | H26: 0 | I26: 0 | J26: 0 | K26: 0 | L26: =SUM(C26:K26) -> 1637.26 | M26: =+P26 -> 1637.26 | N26: =M26-L26 -> 0 | O26: 4103 | P26: =+BALANCE!D1201 -> 1637.26
B27: Comisiones Causadas | C27: 0 | D27: 690 | E27: 690 | F27: 690 | G27: 690 | H27: 1380 | I27: 690 | J27: 0 | K27: 690 | L27: =SUM(C27:K27) -> 5520 | M27: =+P27 -> 5520 | N27: =M27-L27 -> 0 | O27: 42 | P27: =+BALANCE!D1216 -> 5520
B28: Perdidas Financieras | C28: 0 | D28: 2853.34 | E28: 2853.35 | F28: 2758.83 | G28: 2581.36 | H28: 2610.66 | I28: 2387.26 | J28: 2493.79 | K28: 2489.85 | L28: =SUM(C28:K28) -> 21028.44 | M28: =+P28 -> 21028.44 | N28: =M28-L28 -> 0 | O28: 43 | P28: =+BALANCE!D1227 -> 21028.44
B29: Provisiones Cart. Crédito, Ctas.Cobrar, Inversiones. | C29: 1 | D29: 139001.11 | E29: 207327.97 | F29: 213899.74 | G29: 325082.06 | H29: 5047.69 | I29: 12175.88 | J29: 0 | K29: 186824.6 | L29: =SUM(C29:K29) -> 1089360.1 | M29: =+P29 -> 1089360.1 | N29: =M29-L29 -> 0 | O29: 44 | P29: =+BALANCE!D1238 -> 1089360.1
B30: Gastos de Personal | C30: 70372.56 | D30: 210621.34 | E30: 212538.12 | F30: 203546.06 | G30: 192324.52 | H30: 196334.07 | I30: 205388.6 | J30: 200642.67 | K30: 215923.87 | L30: =SUM(C30:K30) -> 1707691.8 | M30: =+P30 -> 1707691.8 | N30: =M30-L30 -> 0 | O30: 4501-450190 | P30: =+BALANCE!D1261-BALANCE!D1280 -> 1707691.8
B31: Otros Gastos de Personal | C31: 9698.39 | D31: 10813.5 | E31: 11648.29 | F31: 38465.5 | G31: 18545.43 | H31: 15040.38 | I31: 13970.03 | J31: 17147.49 | K31: 16874.8 | L31: =SUM(C31:K31) -> 152203.81 | M31: =+P31 -> 152203.81 | N31: =M31-L31 -> 0 | O31: 450190 | P31: =+BALANCE!D1280 -> 152203.81
B32: Directores | C32: 12035.41 | D32: 15397.25 | E32: -26052.66 | F32: 54296.94 | G32: 16398.48 | H32: 13549.58 | I32: 13549.58 | J32: 13549.58 | K32: 13745.01 | L32: =SUM(C32:K32) -> 126469.17 | M32: =+P32 -> 126469.17 | N32: =M32-L32 -> 0 | O32: 450205 | P32: =+BALANCE!D1300 -> 126469.17
B33: Honorarios Profesionales | C33: 7893.14 | D33: 17794.67 | E33: 11877.43 | F33: 12751.07 | G33: 16590.65 | H33: 16824.1 | I33: 17017.49 | J33: 18260.25 | K33: 14632.99 | L33: =SUM(C33:K33) -> 133641.79 | M33: =+P33 -> 133641.79 | N33: =M33-L33 -> 0 | O33: 450210 | P33: =+BALANCE!D1310 -> 133641.79
B34: Servicios Varios | C34: 80024.12 | D34: 118760.66 | E34: 123391.72 | F34: 107300.36 | G34: 102343.72 | H34: 95072.13 | I34: 91550.12 | J34: 114597.55 | K34: 100891.95 | L34: =SUM(C34:K34) -> 933932.33 | M34: =+P34 -> 933932.33 | N34: =M34-L34 -> 0 | O34: 4503 | P34: =+BALANCE!D1316 -> 933932.33
B35: Impuestos Contribuciones y Multas | C35: 23020.33 | D35: 93588.82 | E35: 94793.43 | F35: 97581.51 | G35: 94359.98 | H35: 120114.81 | I35: 121807.25 | J35: 108913.37 | K35: 125681.55 | L35: =SUM(C35:K35) -> 879861.05 | M35: =+P35 -> 879861.05 | N35: =M35-L35 -> 0 | O35: 4504 | P35: =+BALANCE!D1342 -> 879861.05
B36: Depreciaciones y Amortizaciones | C36: 0 | D36: 128324.63 | E36: 26903.25 | F36: 127222.67 | G36: 125236.01 | H36: 126.5 | I36: 88997.5 | J36: 26600.49 | K36: 0 | L36: =SUM(C36:K36) -> 523411.05 | M36: =+P36 -> 523411.05 | N36: =M36-L36 -> 0 | O36: 4505+4506 | P36: =+BALANCE!D1360+BALANCE!D1378 -> 523411.05
B37: Otros Gastos | C37: 44342.28 | D37: 31320.68 | E37: 66518.38 | F37: 74803.77 | G37: 53133.99 | H37: 58347.41 | I37: 40875.23 | J37: 46652.54 | K37: 74047.41 | L37: =SUM(C37:K37) -> 490041.69 | M37: =+P37 -> 490041.69 | N37: =M37-L37 -> 0 | O37: 4507 | P37: =+BALANCE!D1387 -> 490041.69
B38: Otros Perdidas Operacionales | C38: 0 | D38: 0 | E38: 0 | F38: 0 | G38: 0 | H38: 0 | I38: 0 | J38: 0 | K38: 0 | L38: =SUM(C38:K38) -> 0 | M38: 0 | N38: =M38-L38 -> 0 | O38: 46 | P38: =+BALANCE!D1414 -> 0
B39: Intereses y Comisiones Devengados | C39: 0 | D39: 0 | E39: 0 | F39: 0 | G39: 0 | H39: 0 | I39: 0 | J39: 16498.52 | K39: 0 | L39: =SUM(C39:K39) -> 16498.52 | M39: =+P39 -> 16498.52 | N39: =M39-L39 -> 0 | O39: 47 | P39: =+BALANCE!D1418 -> 16498.52
B40: Impuestos y Participación a empleados | D40: 0 | E40: 0 | F40: 0 | G40: 0 | H40: 0 | I40: 0 | J40: 0 | K40: 0 | L40: =SUM(C40:K40) -> 0 | M40: =+P40 -> 0 | N40: =M40-L40 -> 0 | O40: 48 | P40: =+BALANCE!D1427 -> 0
B41: TOTAL EGRESOS | C41: =SUM(C25:C40) -> 1178885.5 | D41: =SUM(D25:D40) -> 1141526.4 | E41: =SUM(E25:E40) -> 1389922.7 | F41: =SUM(F25:F40) -> 1616331.4 | G41: =SUM(G25:G40) -> 1509397.1 | H41: 1492852 | I41: 1316191.4 | J41: =SUM(J25:J40) -> 1257841 | K41: =SUM(K25:K40) -> 1446786 | L41: =SUM(L25:L40) -> 12349734 | M41: =SUM(M25:M40) -> 12349734 | N41: =M41-L41 -> 0 | P41: =+M41 -> 12349734
B43: Total de Ingresos | C43: =C21 -> 1189269.3 | D43: =D21 -> 1147905.9 | E43: =E21 -> 1453115.4 | F43: =F21 -> 1590529.9 | G43: =G21 -> 1482634.7 | H43: =H21 -> 1487903.4 | I43: =I21 -> 1357766.6 | J43: =J21 -> 1258832.6 | ... M43: =M21 -> 12467267
B44: Total de Gastos | C44: =C41 -> 1178885.5 | D44: =D41 -> 1141526.4 | E44: =E41 -> 1389922.7 | F44: =F41 -> 1616331.4 | G44: =G41 -> 1509397.1 | H44: =H41 -> 1492852 | I44: =I41 -> 1316191.4 | J44: =J41 -> 1257841 | ... M44: =M41 -> 12349734
B46: EXCEDENTE | C46: =C21-C41 -> 10383.75 | D46: =D21-D41 -> 6379.44 | E46: =E21-E41 -> 63192.713 | F46: =F21-F41 -> -25801.483 | G46: =G21-G41 -> -26762.41 | H46: =H21-H41 -> -4948.7 | I46: =I21-I41 -> 41575.23 | J46: =J21-J41 -> 991.62 | K46: =K21-K41 -> 52523.48 | L46: =+L21-L41 -> 117533.64 | M46: =+M21-M41 -> 117533.64 | P46: =+BALANCE!D1431-BALANCE!D1179 -> 117533.64
B53: Lcda. Kerlys Pereira Olmedo
B54: CONTADOR GENERAL

Sheet BALANCE
B3: COOPERATIVA DE AHORRO Y CREDITO SANTA ROSA LTDA.
B4: BALANCE GENERAL
B5: AL 30 DE SEPTIEMBRE DE 2026
B7: codigo | C7: cuenta | D7: saldo
B8: 1 | C8: ACTIVO | D8: 2.6043369e+08
B9: 11 | C9: FONDOS DISPONIBLES | D9: 17303035
B10: 1101 | C10: CAJA | D10: 1846853.7
B11: 110105 | C11: EFECTIVO | D11: 1843953.7
B12: 11010505 | C12: Caja General | D12: 0
B13: 11010510 | C13: Fdo.De Cambio | D13: 1729913.7
B14: 11010515 | C14: Fdo.De Cambio(Atm) | D14: 114040
B15: 11010516 | C15: Fdo.De Cambio(Atm 2) | D15: 0
B16: 11010520 | C16: Fondo Rotativo | D16: 0
B17: 110110 | C17: CAJA CHICA | D17: 2900
B18: 11011005 | C18: Caja Chica | D18: 2900
B19: 1102 | C19: DEPOSITOS PARA ENCAJE | D19: 4177223.4
... B1997: 749090 | C1997: OTRAS | D1997: 0

Sheet PYG POR AGENCIAS
A1: COOPERATIVA DE AHORRO Y CREDITO SANTA ROSA LTDA.
H2: COOPERATIVA DE AHORRO Y CREDITO SANTA ROSA LTDA.
A3: ESTADO DE PERDIDAS Y GANANCIAS | G3: ESTADO DE PERDIDAS Y GANANCIAS
A4: OFICINA MATRIZ | G4: OFICINA HUAQUILLAS
A5: AL 31 DE ENERO 2020 | G5: =A5 -> AL 31 DE ENERO 2020
D7: SALDO | E7: MES | F7: SALDO | I7: SALDO | J7: MES | K7: SALDO
C8: INGRESOS | D8: ANTERIOR | E8: AGOSTO | F8: DEL AÑO | H8: INGRESOS | I8: ANTERIOR | J8: =E8 -> AGOSTO | K8: DEL AÑO
C10: Interés depósito Cta. Cte. y Ahorro | D10: 8742.83 | E10: =+F10-D10 -> #REF! | F10: =+'PYG GENERAL'!#REF! -> #REF! | H10: Interés depósito Cta. Cte. y Ahorro | I10: 112.28 | J10: =K10-I10 -> #REF! | K10: =+'PYG GENERAL'!#REF! -> #REF!
C11: Interés Inversiones | D11: 35961.48 | E11: =+F11-D11 -> #REF! | F11: =+'PYG GENERAL'!#REF! -> #REF! | H11: Interés Inversiones | I11: 0 | J11: =K11-I11 -> #REF! | K11: =+'PYG GENERAL'!#REF! -> #REF!
C12: Interés Crédito Préstamo | D12: 1462971.2 | E12: =+F12-D12 -> #REF! | F12: =+'PYG GENERAL'!#REF! -> #REF! | H12: Interés Crédito Préstamo | I12: 242070.78 | J12: =K12-I12 -> #REF! | K12: =+'PYG GENERAL'!#REF! -> #REF!
C13: Interés Mora | D13: 14665.52 | E13: =+F13-D13 -> #REF! | F13: =+'PYG GENERAL'!#REF! -> #REF! | H13: Interés Mora | I13: 6274.73 | J13: =K13-I13 -> #REF! | K13: =+'PYG GENERAL'!#REF! -> #REF!
C14: Comisiones Ganadas | D14: 0 | E14: =+F14-D14 -> #REF! | F14: =+'PYG GENERAL'!#REF! -> #REF! | H14: Comisiones Ganadas | I14: 0 | J14: =K14-I14 -> #REF! | K14: =+'PYG GENERAL'!#REF! -> #REF!
C15: Utilidades Financieras | D15: 9018.09 | E15: =+F15-D15 -> #REF! | F15: =+'PYG GENERAL'!#REF! -> #REF! | H15: Utilidades Financieras | I15: 0 | J15: =K15-I15 -> #REF! | K15: =+'PYG GENERAL'!#REF! -> #REF!
C16: Afiliaciones y Renovaciones | D16: 0 | E16: =+F16-D16 -> #REF! | F16: =+'PYG GENERAL'!#REF! -> #REF! | H16: Afiliaciones y Renovaciones | I16: 0 | J16: =K16-I16 -> #REF! | K16: =+'PYG GENERAL'!#REF! -> #REF!
C17: Manejo y Cobranzas | D17: 0 | E17: =+F17-D17 -> #REF! | F17: =+'PYG GENERAL'!#REF! -> #REF! | H17: Manejo y Cobranzas | I17: 0 | J17: =K17-I17 -> #REF! | K17: =+'PYG GENERAL'!#REF! -> #REF!
C18: Servicios Cooperativos | D18: 40543.36 | E18: =+F18-D18 -> #REF! | F18: =+'PYG GENERAL'!#REF! -> #REF! | H18: Servicios Cooperativos | I18: 5361.14 | J18: =K18-I18 -> #REF! | K18: =+'PYG GENERAL'!#REF! -> #REF!
C19: Otros Ingresos Operacionales | D19: 0 | E19: 0 | F19: 0 | H19: Otros Ingresos Operacionales | I19: 0 | J19: =K19-I19 -> #REF! | K19: =+'PYG GENERAL'!#REF! -> #REF!
C20: Otros Ingresos(Arrendamientos, Act.Castigados,Rev.Provisión) | D20: 43551.38 | E20: =+F20-D20 -> #REF! | F20: =+'PYG GENERAL'!#REF! -> #REF! | H20: Otros Ingresos(Arrendamientos, Act.Castigados,Rev.Provisión) | I20: 0 | J20: =K20-I20 -> #REF! | K20: =+'PYG GENERAL'!#REF! -> #REF!
C21: Intereses y Comisiones Ejercic.Anteriores | D21: 0 | E21: =+F21-D21 -> #REF! | F21: =+'PYG GENERAL'!#REF! -> #REF! | H21: Intereses y Comisiones Ejercic.Anteriores | I21: 0 | J21: =K21-I21 -> #REF! | K21: =+'PYG GENERAL'!#REF! -> #REF!
C22: Otros Ingresos (Moneygram, Tatjetas Débito y Emeloro ) | D22: 34692.37 | E22: =+F22-D22 -> #REF! | F22: =+'PYG GENERAL'!#REF! -> #REF! | H22: Otros Ingresos (Moneygram, Tatjetas Débito y Emeloro ) | I22: 5908.07 | J22: =K22-I22 -> #REF! | K22: =+'PYG GENERAL'!#REF! -> #REF!
C24: TOTAL INGRESOS | D24: =SUM(D10:D23) -> 1650146.3 | E24: =F24-D24 -> #REF! | F24: =SUM(F10:F23) -> #REF! | H24: TOTAL INGRESOS | I24: =SUM(I10:I23) -> 259727 | J24: =K24-I24 -> #REF! | K24: =SUM(K10:K23) -> #REF!
C26: EGRESOS (GASTOS) | H26: EGRESOS (GASTOS)
C28: Intereses Pagados | D28: 427716.72 | E28: =+F28-D28 -> #REF! | F28: =+'PYG GENERAL'!#REF! -> #REF! | H28: Intereses Pagados | I28: 84178.41 | J28: =K28-I28 -> #REF! | K28: =+'PYG GENERAL'!#REF! -> #REF!
C29: Obligaciones financieras | D29: 81596.24 | E29: =+F29-D29 -> #REF! | F29: =+'PYG GENERAL'!#REF! -> #REF! | H29: Obligaciones financieras | I29: 0 | J29: =K29-I29 -> #REF! | K29: =+'PYG GENERAL'!#REF! -> #REF!
C30: Comisiones causadas | D30: 0 | E30: =+F30-D30 -> #REF! | F30: =+'PYG GENERAL'!#REF! -> #REF! | H30: Comisiones causadas | I30: 0 | J30: =K30-I30 -> #REF! | K30: =+'PYG GENERAL'!#REF! -> #REF!
C31: Perdidas Financieras | D31: 0 | E31: =+F31-D31 -> #REF! | F31: =+'PYG GENERAL'!#REF! -> #REF! | H31: Perdidas Financieras | I31: 0 | J31: =K31-I31 -> #REF! | K31: =+'PYG GENERAL'!#REF! -> #REF!
C32: Provisiones Cart. Crédito, Ctas.Cobrar, Inversiones. | D32: 116716.31 | E32: =+F32-D32 -> #REF! | F32: =+'PYG GENERAL'!#REF! -> #REF! | H32: Provisiones Cart. Crédito, Ctas.Cobrar, Inversiones. | I32: 13574.3 | J32: =K32-I32 -> #REF! | K32: =+'PYG GENERAL'!#REF! -> #REF!
C33: Gastos de Personal | D33: 260416.78 | E33: =+F33-D33 -> #REF! | F33: =+'PYG GENERAL'!#REF! -> #REF! | H33: Gastos de Personal | I33: 18292.48 | J33: =K33-I33 -> #REF! | K33: =+'PYG GENERAL'!#REF! -> #REF!
C34: Otros Gastos de Personal | D34: 122426.44 | E34: =+F34-D34 -> #REF! | F34: =+'PYG GENERAL'!#REF! -> #REF! | H34: Otros Gastos de Personal | I34: 4327.56 | J34: =K34-I34 -> #REF! | K34: =+'PYG GENERAL'!#REF! -> #REF!
C35: Directores | D35: 4832.38 | E35: =+F35-D35 -> #REF! | F35: =+'PYG GENERAL'!#REF! -> #REF! | H35: Directores | I35: 1531.17 | J35: =K35-I35 -> #REF! | K35: =+'PYG GENERAL'!#REF! -> #REF!
C36: Honorarios Profesionales | D36: 35854.13 | E36: =+F36-D36 -> #REF! | F36: =+'PYG GENERAL'!#REF! -> #REF! | H36: Honorarios Profesionales | I36: 2251.79 | J36: =K36-I36 -> #REF! | K36: =+'PYG GENERAL'!#REF! -> #REF!
C37: Servicios Varios | D37: 176517.12 | E37: =+F37-D37 -> #REF! | F37: =+'PYG GENERAL'!#REF! -> #REF! | H37: Servicios Varios | I37: 49167.31 | J37: =K37-I37 -> #REF! | K37: =+'PYG GENERAL'!#REF! -> #REF!
C38: Impuestos Contribuciones y Multas | D38: 60689.17 | E38: =+F38-D38 -> #REF! | F38: =+'PYG GENERAL'!#REF! -> #REF! | H38: Impuestos Contribuciones y Multas | I38: 7769.86 | J38: =K38-I38 -> #REF! | K38: =+'PYG GENERAL'!#REF! -> #REF!
C39: Depreciaciones y Amortizaciones | D39: 15517.66 | E39: =+F39-D39 -> #REF! | F39: =+'PYG GENERAL'!#REF! -> #REF! | H39: Depreciaciones y Amortizaciones | I39: 755.38 | J39: =K39-I39 -> #REF! | K39: =+'PYG GENERAL'!#REF! -> #REF!
... C43: Impuestos y Participación a empleados | D43: 0 | E43: =+F43-D43 -> #REF! | F43: =+'PYG GENERAL'!#REF! -> #REF! | H43: Impuestos y Participación a empleados | I43: 0 | J43: =K43-I43 -> #REF! | K43: =+'PYG GENERAL'!#REF! -> #REF!
C45: TOTAL EGRESOS | D45: =SUM(D28:D44) -> 1598277 | E45: =F45-D45 -> #REF! | F45: =SUM(F28:F44) -> #REF! | H45: TOTAL EGRESOS | I45: =SUM(I28:I44) -> 197567.89 | J45: =K45-I45 -> #REF! | K45: =SUM(K28:K44) -> #REF!
C47: Total de Ingresos | D47: =D24 -> 1650146.3 | E47: =F47-D47 -> #REF! | F47: =+'PYG GENERAL'!#REF! -> #REF! | H47: Total de Ingresos | I47: =I24 -> 259727 | J47: =K47-I47 -> #REF! | K47: ='PYG GENERAL'!#REF! -> #REF!
C48: Total de Gastos | D48: =D45 -> 1598277 | E48: =F48-D48 -> #REF! | F48: =+'PYG GENERAL'!#REF! -> #REF! | H48: Total de Gastos | I48: =I45 -> 197567.89 | J48: =K48-I48 -> #REF! | K48: =+'PYG GENERAL'!#REF! -> #REF!
C50: PERDIDA | D50: =D47-D48 -> 51869.27 | E50: =F50-D50 -> #REF! | F50: =F47-F48 -> #REF! | H50: EXCEDENTE | I50: =I47-I48 -> 62159.11 | J50: =K50-I50 -> #REF! | K50: =K47-K48 -> #REF!
C54: CPA. Eddy Aguirre Chuchuca | H54: CPA. Eddy Aguirre Chuchuca
C55: CONTADOR GENERAL | H55: CONTADOR GENERAL
A59: COOPERATIVA DE AHORRO Y CREDITO SANTA ROSA LTDA. | H59: COOPERATIVA DE AHORRO Y CREDITO SANTA ROSA LTDA.
A61: ESTADO DE PERDIDAS Y GANANCIAS | G61: ESTADO DE PERDIDAS Y GANANCIAS
A62: AGENCIA MACHALA | G62: AGENCIA PASAJE
A63: =A5 -> AL 31 DE ENERO 2020 | G63: =A5 -> AL 31 DE ENERO 2020
D64: SALDO | E64: MES | F64: SALDO | I64: SALDO | J64: MES | K64: SALDO
C65: INGRESOS | D65: ANTERIOR | E65: =E8 -> AGOSTO | F65: DEL AÑO | H65: INGRESOS | I65: ANTERIOR | J65: =E8 -> AGOSTO | K65: DEL AÑO
C67: Interés depósito Cta. Cte. y Ahorro | D67: 1470.13 | E67: =F67-D67 -> #REF! | F67: =+'PYG GENERAL'!#REF! -> #REF! | H67: Interés depósito Cta. Cte. y Ahorro | I67: 229.77 | J67: =K67-I67 -> #REF! | K67: =+'PYG GENERAL'!#REF! -> #REF!
C68: Interés Inversiones | D68: 3079.2 | E68: =F68-D68 -> #REF! | F68: =+'PYG GENERAL'!#REF! -> #REF! | H68: Interés Inversiones | I68: 0 | J68: =K68-I68 -> #REF! | K68: =+'PYG GENERAL'!#REF! -> #REF!
C69: Interés Crédito Préstamo | D69: 367514.98 | E69: =F69-D69 -> #REF! | F69: =+'PYG GENERAL'!#REF! -> #REF! | H69: Interés Crédito Préstamo | I69: 260859.01 | J69: =K69-I69 -> #REF! | K69: =+'PYG GENERAL'!#REF! -> #REF!
C70: Interés Mora | D70: 9413.94 | E70: =F70-D70 -> #REF! | F70: =+'PYG GENERAL'!#REF! -> #REF! | H70: Interés Mora | I70: 3507.77 | J70: =K70-I70 -> #REF! | K70: =+'PYG GENERAL'!#REF! -> #REF!
C71: Comisiones Ganadas | D71: 0 | E71: =F71-D71 -> #REF! | F71: =+'PYG GENERAL'!#REF! -> #REF! | H71: Comisiones Ganadas | I71: 0 | J71: =K71-I71 -> #REF! | K71: =+'PYG GENERAL'!#REF! -> #REF!
C72: Utilidades Financieras | D72: 0 | E72: =F72-D72 -> #REF! | F72: =+'PYG GENERAL'!#REF! -> #REF! | H72: Utilidades Financieras | I72: 0 | J72: =K72-I72 -> #REF! | K72: =+'PYG GENERAL'!#REF! -> #REF!
C73: Afiliaciones y Renovaciones | D73: 0 | E73: =F73-D73 -> #REF! | F73: =+'PYG GENERAL'!#REF! -> #REF! | H73: Afiliaciones y Renovaciones | I73: 0 | J73: =K73-I73 -> #REF! | K73: =+'PYG GENERAL'!#REF! -> #REF!
C74: Manejo y Cobranzas | D74: 0 | E74: =F74-D74 -> #REF! | F74: =+'PYG GENERAL'!#REF! -> #REF! | H74: Manejo y Cobranzas | I74: 0 | J74: =K74-I74 -> #REF! | K74: =+'PYG GENERAL'!#REF! -> #REF!
C75: Servicios Cooperativos | D75: 5111.05 | E75: =F75-D75 -> #REF! | F75: =+'PYG GENERAL'!#REF! -> #REF! | H75: Servicios Cooperativos | I75: 6176.49 | J75: =K75-I75 -> #REF! | K75: =+'PYG GENERAL'!#REF! -> #REF!
C76: Otros Ingresos Operacionales | D76: 0 | E76: =F76-D76 -> #REF! | F76: =+'PYG GENERAL'!#REF! -> #REF! | H76: Otros Ingresos Operacionales | I76: 0 | J76: =K76-I76 -> #REF! | K76: =+'PYG GENERAL'!#REF! -> #REF!
C77: Otros Ingresos(Arrendamientos, Act.Castigados,Rev.Provisión) | D77: 1429.23 | E77: =F77-D77 -> #REF! | F77: =+'PYG GENERAL'!#REF! -> #REF! | H77: Otros Ingresos(Arrendamientos, Act.Castigados,Rev.Provisión) | I77: 2248.6 | J77: =K77-I77 -> #REF! | K77: =+'PYG GENERAL'!#REF! -> #REF!
C78: Intereses y Comisiones Ejercic.Anteriores | D78: 0 | E78: =F78-D78 -> #REF! | F78: =+'PYG GENERAL'!#REF! -> #REF! | H78: Intereses y Comisiones Ejercic.Anteriores | I78: 0 | J78: =K78-I78 -> #REF! | K78: =+'PYG GENERAL'!#REF! -> #REF!
C79: Otros Ingresos (Moneygram, Tatjetas Débito y Emeloro ) | D79: 8059.86 | E79: =F79-D79 -> #REF! | F79: =+'PYG GENERAL'!#REF! -> #REF! | H79: Otros Ingresos (Moneygram, Tatjetas Débito y Emeloro ) | I79: 4265.94 | J79: =K79-I79 -> #REF! | K79: =+'PYG GENERAL'!#REF! -> #REF!
C81: TOTAL INGRESOS | D81: =SUM(D67:D80) -> 396078.39 | E81: =F81-D81 -> #REF! | F81: =SUM(F67:F80) -> #REF! | H81: TOTAL INGRESOS | I81: =SUM(I67:I80) -> 277287.58 | J81: =K81-I81 -> #REF! | K81: =SUM(K67:K79) -> #REF!
C83: EGRESOS (GASTOS) | H83: EGRESOS (GASTOS)
C85: Intereses Pagados | D85: 250781.71 | E85: =F85-D85 -> #REF! | F85: =+'PYG GENERAL'!#REF! -> #REF! | H85: Intereses Pagados | I85: 108612.98 | J85: =K85-I85 -> #REF! | K85: =+'PYG GENERAL'!#REF! -> #REF!
C86: Obligaciones financieras | D86: 0 | E86: =F86-D86 -> #REF! | F86: =+'PYG GENERAL'!#REF! -> #REF! | H86: Obligaciones financieras | I86: 0 | J86: =K86-I86 -> #REF! | K86: =+'PYG GENERAL'!#REF! -> #REF!
C87: Comisiones causadas | D87: 0 | E87: =F87-D87 -> #REF! | F87: =+'PYG GENERAL'!#REF! -> #REF! | H87: Comisiones causadas | I87: 0 | J87: 0 | K87: =+'PYG GENERAL'!#REF! -> #REF!
C88: Perdidas Financieras | D88: 0 | E88: 0 | F88: =+'PYG GENERAL'!#REF! -> #REF! | H88: Perdidas Financieras | I88: 0 | J88: =K88-I88 -> #REF! | K88: =+'PYG GENERAL'!#REF! -> #REF!
C89: Provisiones Cart. Crédito, Ctas.Cobrar, Inversiones. | D89: 51960.51 | E89: =F89-D89 -> #REF! | F89: =+'PYG GENERAL'!#REF! -> #REF! | H89: Provisiones Cart. Crédito, Ctas.Cobrar, Inversiones. | I89: 2366.4 | J89: =K89-I89 -> #REF! | K89: =+'PYG GENERAL'!#REF! -> #REF!
C90: Gastos de Personal | D90: 25158.44 | E90: =F90-D90 -> #REF! | F90: =+'PYG GENERAL'!#REF! -> #REF! | H90: Gastos de Personal | I90: 24910.02 | J90: =K90-I90 -> #REF! | K90: =+'PYG GENERAL'!#REF! -> #REF!
C91: Otros Gastos de Personal | D91: 4883.33 | E91: =F91-D91 -> #REF! | F91: =+'PYG GENERAL'!#REF! -> #REF! | H91: Otros Gastos de Personal | I91: 4386.55 | J91: =K91-I91 -> #REF! | K91: =+'PYG GENERAL'!#REF! -> #REF!
C92: Directores | D92: 1531.17 | E92: =F92-D92 -> #REF! | F92: =+'PYG GENERAL'!#REF! -> #REF! | H92: Directores | I92: 1531.17 | J92: =K92-I92 -> #REF! | K92: =+'PYG GENERAL'!#REF! -> #REF!
C93: Honorarios Profesionales | D93: 2251.79 | E93: =F93-D93 -> #REF! | F93: =+'PYG GENERAL'!#REF! -> #REF! | H93: Honorarios Profesionales | I93: 2251.79 | J93: =K93-I93 -> #REF! | K93: =+'PYG GENERAL'!#REF! -> #REF!
C94: Servicios Varios(Guardia,servic.bàsicos,arriendos) | D94: 24968.96 | E94: =F94-D94 -> #REF! | F94: =+'PYG GENERAL'!#REF! -> #REF! | H94: Servicios Varios(Guardia,servic.bàsicos,arriendos) | I94: 24092.73 | J94: =K94-I94 -> #REF! | K94: =+'PYG GENERAL'!#REF! -> #REF!
C95: Impuestos Contribuciones y Multas | D95: 18107.47 | E95: =F95-D95 -> #REF! | F95: =+'PYG GENERAL'!#REF! -> #REF! | H95: Impuestos Contribuciones y Multas | I95: 6840.54 | J95: =K95-I95 -> #REF! | K95: =+'PYG GENERAL'!#REF! -> #REF!
C96: Depreciaciones y Amortizaciones | D96: 2263.95 | E96: =F96-D96 -> #REF! | F96: =+'PYG GENERAL'!#REF! -> #REF! | H96: Depreciaciones y Amortizaciones | I96: 18054.52 | J96: =K96-I96 -> #REF! | K96: =+'PYG GENERAL'!#REF! -> #REF!
C97: Otros Gastos(Suminist,mant.y reparac.) | D97: 19564.84 | E97: =F97-D97 -> #REF! | F97: =+'PYG GENERAL'!#REF! -> #REF! | H97: Otros Gastos(Suminist,mant.y reparac.) | I97: 8066.9 | J97: =K97-I97 -> #REF! | K97: =+'PYG GENERAL'!#REF! -> #REF!
C98: Otros Perdidas Operacionales | D98: 0 | E98: =F98-D98 -> #REF! | F98: =+'PYG GENERAL'!#REF! -> #REF! | H98: Otros Perdidas Operacionales | I98: 0 | J98: =K98-I98 -> #REF! | K98: =+'PYG GENERAL'!#REF! -> #REF!
C99: Intereses y Comisiones Devengados | D99: 1 | E99: =F99-D99 -> #REF! | F99: =+'PYG GENERAL'!#REF! -> #REF! | H99: Intereses y Comisiones Devengados | I99: 1 | J99: =K99-I99 -> #REF! | K99: =+'PYG GENERAL'!#REF! -> #REF!
C100: Impuestos y Participación a empleados | D100: 0 | E100: =F100-D100 -> #REF! | F100: =+'PYG GENERAL'!#REF! -> #REF! | H100: Impuestos y Participación a empleados | I100: 0 | J100: =K100-I100 -> #REF! | K100: =+'PYG GENERAL'!#REF! -> #REF!
C102: TOTAL EGRESOS | D102: =SUM(D85:D101) -> 401473.17 | E102: =F102-D102 -> #REF! | F102: =SUM(F85:F101) -> #REF! | H102: TOTAL EGRESOS | I102: =SUM(I85:I101) -> 201114.6 | J102: =K102-I102 -> #REF! | K102: =SUM(K85:K101) -> #REF!
C104: Total de Ingresos | D104: =D81 -> 396078.39 | E104: =F104-D104 -> #REF! | F104: =F81 -> #REF! | H104: Total de Ingresos | I104: =I81 -> 277287.58 | J104: =K104-I104 -> #REF! | K104: =K81 -> #REF!
C105: Total de Gastos | D105: =D102 -> 401473.17 | E105: =F105-D105 -> #REF! | F105: =F102 -> #REF! | H105: Total de Gastos | I105: =I102 -> 201114.6 | J105: =K105-I105 -> #REF! | K105: =K102 -> #REF!
C107: PERDIDA | D107: =D104-D105 -> -5394.78 | E107: =F107-D107 -> #REF! | F107: =F104-F105 -> #REF! | H107: EXCEDENTE | I107: =I104-I105 -> 76172.98 | J107: =K107-I107 -> #REF! | K107: =K104-K105 -> #REF!
C110: CPA. Eddy Aguirre Chuchuca | H110: CPA. Eddy Aguirre Chuchuca
C111: CONTADOR GENERAL | H111: CONTADOR GENERAL
A115: COOPERATIVA DE AHORRO Y CREDITO SANTA ROSA LTDA. | H115: COOPERATIVA DE AHORRO Y CREDITO SANTA ROSA LTDA.
A117: ESTADO DE PERDIDAS Y GANANCIAS | G117: ESTADO DE PERDIDAS Y GANANCIAS
A118: OFICINA ARENILLAS | G118: OFICINA EL GUABO
A119: =A5 -> AL 31 DE ENERO 2020 | G119: =A5 -> AL 31 DE ENERO 2020
D121: SALDO | E121: MES | F121: SALDO | I121: SALDO | J121: MES | K121: SALDO
C122: INGRESOS | D122: ANTERIOR | E122: =E8 -> AGOSTO | F122: DEL AÑO | H122: INGRESOS | I122: ANTERIOR | J122: =E8 -> AGOSTO | K122: DEL AÑO
C124: Interés depósito Cta. Cte. y Ahorro | D124: 348.56 | E124: =F124-D124 -> #REF! | F124: =+'PYG GENERAL'!#REF! -> #REF! | H124: Interés depósito Cta. Cte. y Ahorro | I124: 171.73 | J124: =K124-I124 -> #REF! | K124: =+'PYG GENERAL'!#REF! -> #REF!
C125: Interés Inversiones | D125: 0 | E125: =F125-D125 -> #REF! | F125: =+'PYG GENERAL'!#REF! -> #REF! | H125: Interés Inversiones | I125: 0 | J125: =K125-I125 -> #REF! | K125: =+'PYG GENERAL'!#REF! -> #REF!
C126: Interés Crédito Préstamo | D126: 239304.62 | E126: =F126-D126 -> #REF! | F126: =+'PYG GENERAL'!#REF! -> #REF! | H126: Interés Crédito Préstamo | I126: 134313.27 | J126: =K126-I126 -> #REF! | K126: =+'PYG GENERAL'!#REF! -> #REF!
C127: Interés Mora | D127: 3442.97 | E127: =F127-D127 -> #REF! | F127: =+'PYG GENERAL'!#REF! -> #REF! | H127: Interés Mora | I127: 1754.5 | J127: =K127-I127 -> #REF! | K127: =+'PYG GENERAL'!#REF! -> #REF!
C128: Comisiones Ganadas | D128: 0 | E128: =F128-D128 -> #REF! | F128: =+'PYG GENERAL'!#REF! -> #REF! | H128: Comisiones Ganadas | I128: 0 | J128: =K128-I128 -> #REF! | K128: =+'PYG GENERAL'!#REF! -> #REF!
C129: Utilidades Financieras | D129: 0 | E129: =F129-D129 -> #REF! | F129: =+'PYG GENERAL'!#REF! -> #REF! | H129: Utilidades Financieras | I129: 0 | J129: =K129-I129 -> #REF! | K129: =+'PYG GENERAL'!#REF! -> #REF!
C130: Afiliaciones y Renovaciones | D130: 0 | E130: =F130-D130 -> #REF! | F130: =+'PYG GENERAL'!#REF! -> #REF! | H130: Afiliaciones y Renovaciones | I130: 0 | J130: =K130-I130 -> #REF! | K130: =+'PYG GENERAL'!#REF! -> #REF!
C131: Manejo y Cobranzas | D131: 0 | E131: =F131-D131 -> #REF! | F131: =+'PYG GENERAL'!#REF! -> #REF! | H131: Manejo y Cobranzas | I131: 0 | J131: =K131-I131 -> #REF! | K131: =+'PYG GENERAL'!#REF! -> #REF!
C132: Servicios Cooperativos | D132: 3801.05 | E132: =F132-D132 -> #REF! | F132: =+'PYG GENERAL'!#REF! -> #REF! | H132: Servicios Cooperativos | I132: 4370.5 | J132: =K132-I132 -> #REF! | K132: =+'PYG GENERAL'!#REF! -> #REF!
C133: Otros Ingresos Operacionales | D133: 0 | E133: =F133-D133 -> #REF! | F133: =+'PYG GENERAL'!#REF! -> #REF! | H133: Otros Ingresos Operacionales | I133: 0 | J133: =K133-I133 -> #REF! | K133: =+'PYG GENERAL'!#REF! -> #REF!
...

Sheet PARA FIRMAR
B3: COOPERATIVA DE AHORRO Y CREDITO SANTA ROSA LTDA.
B4: BALANCE GENERAL
B5: AL 30 DE SEPTIEMBRE DE 2026
B8: Codigo | C8: Cuenta | D8: Saldo
B9: 1 | C9: ACTIVO | D9: 1.7887199e+08
B10: 11 | C10: FONDOS DISPONIBLES | D10: 17303035
B11: 1101 | C11: CAJA | D11: 1846853.7
B12: 110105 | C12: EFECTIVO | D12: 1843953.7
B13: 11010505 | C13: Caja General | D13: 0
B14: 11010510 | C14: Fdo.De Cambio | D14: 1729913.7
B15: 11010515 | C15: Fdo.De Cambio(Atm) | D15: 114040
B16: 11010516 | C16: Fdo.De Cambio(Atm 2) | D16: 0
B17: 11010520 | C17: Fondo Rotativo | D17: 0
B18: 110110 | C18: CAJA CHICA | D18: 2900
B19: 11011005 | C19: Caja Chica | D19: 2900
B20: 1102 | C20: DEPOSITOS PARA ENCAJE | D20: 4177223.4
... B1960: 749090 | C1960: OTRAS | D1960: 0
B1966: __________________________ _________________________
B1967: Econ. Manuel Solano Durán Lcda. Kerlys Pereira Olmedo
B1968: Gerente General Contador General

Sheet PYG INDIVIDUAL
B2: COOPERATIVA DE AHORRO Y CREDITO SANTA ROSA LTDA
B3: ESTADO DE PERDIDAS Y GANANCIAS CONSOLIDADO
C6: SALDO | D6: MES | E6: SALDO
B7: INGRESOS | C7: ANTERIOR | D7: SEPTIEMBRE 2026 | E7: DEL AÑO
B9: Interés depósito Cta. Cte. y Ahorro | C9: =+E9-D9 -> 77861.93 | D9: 13877.87 | E9: ='PYG GENERAL'!L7 -> 91739.8
B10: Interés Inversiones | C10: =+E10-D10 -> 251013.13 | D10: 27813.93 | E10: ='PYG GENERAL'!L8 -> 278827.06
B11: Interés Crédito Préstamo | C11: =+E11-D11 -> 8853048.9 | D11: 1312177.1 | E11: ='PYG GENERAL'!L9 -> 10165226
B12: Interés Mora | C12: =+E12-D12 -> 122133.52 | D12: 19408.52 | E12: ='PYG GENERAL'!L10 -> 141542.04
B13: OTROS INTERESES Y DESCUENTOS | C13: =+E13-D13 -> 1061.15 | D13: 91.4 | E13: =+'PYG GENERAL'!M11 -> 1152.55
B14: Comisiones Ganadas | C14: =+E14-D14 -> 21345.85 | D14: 3194.8 | E14: ='PYG GENERAL'!L12 -> 24540.65
B15: Utilidades Financieras | C15: =+E15-D15 -> 175189.66 | D15: 21198.38 | E15: ='PYG GENERAL'!L13 -> 196388.04
B16: Afiliaciones y Renovaciones | C16: =+E16-D16 -> 0 | D16: 0 | E16: ='PYG GENERAL'!L14 -> 0
B17: Manejo y Cobranzas | C17: =+E17-D17 -> 0 | D17: 0 | E17: ='PYG GENERAL'!L15 -> 0
B18: Servicios Cooperativos | C18: =+E18-D18 -> 446223.7 | D18: 35464.76 | E18: ='PYG GENERAL'!L16 -> 481688.46
B19: Otros Ingresos Operacionales | C19: =+E19-D19 -> 13859.46 | D19: 0 | E19: ='PYG GENERAL'!L17 -> 13859.46
B20: Otros Ingresos(Arrendam, Act.Castigados,Rev.Provisión) | C20: =+E20-D20 -> 542053.62 | D20: 62746.97 | E20: ='PYG GENERAL'!L18 -> 604800.59
B21: Intereses y Comisiones Ejercic.Anteriores | C21: =+E21-D21 -> 0 | D21: 0 | E21: ='PYG GENERAL'!L19 -> 0
B22: Otros Ingresos (Moneygram, Tatjetas Débito y Emeloro ) | C22: =+E22-D22 -> 464167.01 | D22: 3335.77 | E22: ='PYG GENERAL'!L20 -> 467502.78
B23: TOTAL INGRESOS | C23: =SUM(C9:C22) -> 10967958 | D23: =SUM(D9:D22) -> 1499309.5 | E23: =SUM(E9:E22) -> 12467267
B25: EGRESOS (GASTOS)
B27: Intereses Pagados | C27: =+E27-D27 -> 5573452.8 | D27: 694984.02 | E27: ='PYG GENERAL'!L25 -> 6268436.8
B28: Obligaciones financieras | C28: =+E28-D28 -> 1637.26 | D28: 0 | E28: ='PYG GENERAL'!L26 -> 1637.26
B29: Comisiones Causadas | C29: =+E29-D29 -> 4830 | D29: 690 | E29: ='PYG GENERAL'!L27 -> 5520
B30: Perdidas Financieras | C30: =+E30-D30 -> 18538.59 | D30: 2489.85 | E30: ='PYG GENERAL'!L28 -> 21028.44
B31: Provisiones Cart. Crédito, Ctas.Cobrar, Inversiones. | C31: =+E31-D31 -> 902535.45 | D31: 186824.6 | E31: ='PYG GENERAL'!L29 -> 1089360.1
B32: Gastos de Personal | C32: =+E32-D32 -> 1491767.9 | D32: 215923.87 | E32: ='PYG GENERAL'!L30 -> 1707691.8
B33: Otros Gastos de Personal | C33: =+E33-D33 -> 135329.01 | D33: 16874.8 | E33: ='PYG GENERAL'!L31 -> 152203.81
B34: Directores | C34: =+E34-D34 -> 112724.16 | D34: 13745.01 | E34: ='PYG GENERAL'!L32 -> 126469.17
B35: Honorarios Profesionales | C35: =+E35-D35 -> 119008.8 | D35: 14632.99 | E35: ='PYG GENERAL'!L33 -> 133641.79
B36: Servicios Varios(Guardia,servic.bàsicos,arriendos) | C36: =+E36-D36 -> 833040.38 | D36: 100891.95 | E36: ='PYG GENERAL'!L34 -> 933932.33
B37: Impuestos Contribuciones y Multas | C37: =+E37-D37 -> 754179.5 | D37: 125681.55 | E37: ='PYG GENERAL'!L35 -> 879861.05
B38: Depreciaciones y Amortizaciones | C38: =+E38-D38 -> 523411.05 | D38: 0 | E38: ='PYG GENERAL'!L36 -> 523411.05
... B42: Impuestos y Participación a empleados | C42: =+E42-D42 -> 0 | D42: 0 | E42: ='PYG GENERAL'!L40 -> 0
B43: TOTAL EGRESOS | C43: =SUM(C27:C42) -> 10902948 | D43: =SUM(D27:D42) -> 1446786 | E43: =SUM(E27:E42) -> 12349734
B45: Total de Ingresos | C45: =C23 -> 10967958 | D45: =D23 -> 1499309.5 | E45: =E23 -> 12467267
B46: Total de Gastos | C46: =+C43 -> 10902948 | D46: =+D43 -> 1446786 | E46: =E43 -> 12349734
B48: EXCEDENTE | C48: =C45-C46 -> 65010.16 | D48: =D45-D46 -> 52523.48 | E48: =E45-E46 -> 117533.64
B57: Lcda. Kerlys Pereira Olmedo
B58: CONTADOR GENERAL

Sheet INFORME CONSEJO
B3: INFORME PARA ACTAS DEL CONSEJO DE ADMINISTRACION
B4: SEPTIEMBRE 2026
C7: MATRIZ | D7: AGENCIAS | E7: CONSOLIDADO
B8: TOTAL ACTIVOS | C8: =+H27 -> 1.4471133e+08 | D8: =+E8-C8 -> 34160654 | E8: =+D27 -> 1.7887199e+08
B9: INGRESOS | C9: =+H1450 -> 9493308.3 | D9: =E9-C9 -> 2973959.2 | E9: =+D1450 -> 12467267
B10: GASTOS | C10: =+H1198 -> 6214214 | D10: =E10-C10 -> 6135519.8 | E10: =+D1198 -> 12349734
B11: EXCEDENTE O DEFICIT | C11: =+C9-C10 -> 3279094.2 | D11: =E11-C11 -> -3161560.6 | E11: =+E9-E10 -> 117533.64
B13: PATRIMONIO TECNICO SEPTIEMBRE 2026 | D13: 32424053
B19: Lcda. Kerlys Pereira Olmedo
B20: Contador General
C24: CONSOLIDADO | G24: MATRIZ
B26: codigo | C26: cuenta | D26: saldo | F26: codigo | G26: cuenta | H26: saldo
B27: 1 | C27: ACTIVO | D27: =260433691.44-D811 -> 1.7887199e+08 | F27: 1 | G27: ACTIVO | H27: =145915818.66-H811 -> 1.4471133e+08
B28: 11 | C28: FONDOS DISPONIBLES | D28: 17303035 | F28: 11 | G28: FONDOS DISPONIBLES | H28: 14559039
B29: 1101 | C29: CAJA | D29: 1846853.7 | F29: 1101 | G29: CAJA | H29: 515389.71
B30: 110105 | C30: EFECTIVO | D30: 1843953.7 | F30: 110105 | G30: EFECTIVO | H30: 514889.71
B31: 11010505 | C31: Caja General | D31: 0 | F31: 11010505 | G31: Caja General | H31: 0
B32: 11010510 | C32: Fdo.De Cambio | D32: 1729913.7 | F32: 11010510 | G32: Fdo.De Cambio | H32: 511529.71
B33: 11010515 | C33: Fdo.De Cambio(Atm) | D33: 114040 | F33: 11010515 | G33: Fdo.De Cambio(Atm) | H33: 3360
B34: 11010516 | C34: Fdo.De Cambio(Atm 2) | D34: 0 | F34: 11010516 | G34: Fdo.De Cambio(Atm 2) | H34: 0
B35: 11010520 | C35: Fondo Rotativo | D35: 0 | F35: 11010520 | G35: Fondo Rotativo | H35: 0
B36: 110110 | C36: CAJA CHICA | D36: 2900 | F36: 110110 | G36: CAJA CHICA | H36: 500
B37: 11011005 | C37: Caja Chica | D37: 2900 | F37: 11011005 | G37: Caja Chica | H37: 500
B38: 1102 | C38: DEPOSITOS PARA ENCAJE | D38: 4177223.4 | F38: 1102 | G38: DEPOSITOS PARA ENCAJE | H38: 4177223.4
B39: 110205 | C39: BANCO CENTRAL DEL ECUADOR | D39: 4177223.4 | F39: 110205 | G39: BANCO CENTRAL DEL ECUADOR | H39: 4177223.4
... B2022: 749090 | C2022: OTRAS | D2022: 0 | F2022: 749090 | G2022: OTRAS | H2022: 0

Sheet INFOR.FIN.ACTIVO.sep-22
B1: COOPERATIVA DE AHORRO Y CREDITO
B2: SANTA ROSA LTDA
B3: INFORME FINANCIERO (CONSOLIDADO) | H3: =+D98 -> 1164708.4
B4: AL 30 DE NOVIEMBRE 2022 | H4: =+D99 -> 134921.63
B5: DOLARES | H5: =H3+H4 -> 1299630
B6: NOMBRE DE LA CUENTA | C6: SALDO DEL | D6: MOVIMIENTO | E6: SALDO
C7: MES ANTERIOR | D7: DEL MES | E7: ACTUAL
B8: ACTIVOS
B9: DISPONIBLE | C9: 12133246 | D9: =E9-C9 -> -475115.29 | E9: 11658131 | G9: =+D94 -> 15144475 | H9: =E9-G9 -> -3486344.1 | I9: 11
B10: Caja General | D10: =E10-C10 -> 0 | H10: =E10-G10 -> 0
B11: Fondo de Cambio/ATM | C11: 1814721.6 | D11: =E11-C11 -> -160093.45 | E11: 1654628.2 | G11: =+D98+D99 -> 1299630 | H11: =E11-G11 -> 354998.13 | I11: fdo cam+fdoa atm/jrli
B12: Caja Chica | C12: 2800 | D12: =E12-C12 -> 0 | E12: 2800 | G12: =+D103 -> 2800 | H12: =E12-G12 -> 0 | I12: caja chica
B13: Banco Privado | C13: 7288452.4 | D13: =E13-C13 -> 3484719.4 | E13: =+G13 -> 10773172 | G13: =+D107 -> 10773172 | H13: =E13-G13 -> 0 | I13: 1103
B14: Cheque Pais | C14: 60704.69 | D14: =E14-C14 -> -17038.12 | E14: =+G14 -> 43666.57 | G14: =+D181 -> 43666.57 | H14: =E14-G14 -> 0 | I14: 1104
B15: INVERSIONES | C15: 8243966.4 | D15: =E15-C15 -> -2245189.9 | E15: =+G15 -> 5998776.5 | G15: =+D200 -> 5998776.5 | H15: =E15-G15 -> 0 | I15: 13
B16: Para Negociar Ent.Sector Privado | C16: 0 | D16: =E16-C16 -> 0 | E16: 0 | H16: =E16-G16 -> 0
B17: Para Negociar Ent.Sector Público | C17: 0 | D17: =E17-C17 -> 0 | E17: 0 | H17: =E17-G17 -> 0
B18: Disponibles para la venta | C18: 0 | D18: =E18-C18 -> 0 | E18: 0
B19: Mantenidas Hasta el Vencimiento | C19: 2450342.6 | D19: =E19-C19 -> -913359.41 | E19: =+D235 -> 1536983.2 | I19: 1305
B20: De disponibilidad restringuida | C20: 0 | D20: =E20-C20 -> 0 | E20: 0
B21: Provisión para Protección de Valores | C21: 0 | D21: =E21-C21 -> 0 | E21: 0
B22: CARTERA DE CREDITO | C22: 1.4209814e+08 | D22: =E22-C22 -> 890726.99 | E22: =+G22 -> 1.4298887e+08 | G22: =+D270 -> 1.4298887e+08 | H22: =E22-G22 -> 0 | I22: 14
A23: 1401 | B23: Cartera de Crédito Comercial prioditaria | C23: 47834227 | D23: =E23-C23 -> -602883.75 | E23: =+G23 -> 47231344 | G23: =+D271 -> 47231344 | H23: =E23-G23 -> 0 | I23: 1401
A24: 1402 | B24: Cartera de Crédito Consumo prioritaria | C24: 46610724 | D24: =E24-C24 -> 2028507 | E24: =+G24 -> 48639231 | G24: =+D277 -> 48639231 | H24: =E24-G24 -> 0 | I24: 1402
A25: 1403 | B25: Cartera de Crédito inmobiliario por vencer | C25: 3170721.5 | D25: =E25-C25 -> 119784.37 | E25: =+G25 -> 3290505.8 | G25: =+D283 -> 3290505.8 | H25: =E25-G25 -> 0 | I25: 1403
A26: 1404 | B26: Cartera de Crédito productivo por vencer | C26: 28777907 | D26: =E26-C26 -> -157756.72 | E26: =+G26 -> 28620150 | G26: =+D289 -> 28620150 | H26: =E26-G26 -> 0 | I26: 1404
A27: 1405 | B27: Cartera de Crédito Microempresa por vencer | C27: 0 | D27: =E27-C27 -> 0 | E27: 0 | H27: =E27-G27 -> 0
A28: 1409 | B28: Cartera de crèdito comercial prioritario | C28: 1323162.5 | D28: =E28-C28 -> -129547.89 | E28: =+G28 -> 1193614.6 | G28: =+D301 -> 1193614.6 | H28: =E28-G28 -> 0 | I28: 1409
A29: 1410 | B29: Cartera de crèdito de consumo prioritario | C29: 3792791 | D29: =E29-C29 -> 496146.87 | E29: =+G29 -> 4288937.9 | G29: =+D307 -> 4288937.9 | H29: =E29-G29 -> 0 | I29: 1410
A30: 1411 | B30: Cartera de crèdito de inmobiliario refinanciado | C30: 2547339.1 | D30: =E30-C30 -> 428124.56 | E30: =+G30 -> 2975463.7 | G30: =+D319 -> 2975463.7 | H30: =E30-G30 -> 0 | I30: 1411
A31: 1412 | B31: Cartera de microcredito refinanciada | C31: 1009072.9 | D31: =E31-C31 -> 0 | E31: =+G31 -> 1009072.9 | G31: 1009072.9 | H31: =E31-G31 -> 0 | I31: 1412
A32: 1415 | B32: Cartera de crédito Consumo Ord ref p | C32: 0 | D32: =E32-C32 -> 0 | E32: 0 | H32: =E32-G32 -> 0
A33: 1417 | B33: Cartera de crèditos de comercial prioritario | C33: 179583.83 | D33: =E33-C33 -> -3035.64 | E33: =+G33 -> 176548.19 | G33: =+D331 -> 176548.19 | H33: =E33-G33 -> 0 | I33: 1417
A34: 1418 | B34: Cartera de crèditos de consumo prioritario | C34: 1537931.1 | D34: =E34-C34 -> -31583.35 | E34: =+G34 -> 1506347.7 | G34: =+D337 -> 1506347.7 | H34: =E34-G34 -> 0 | I34: 1418
A35: 1419 | B35: Cartera de crèditos inmobiliario rees | C35: 61504.85 | D35: =E35-C35 -> -538.67 | E35: =+G35 -> 60966.18 | G35: =+D343 -> 60966.18 | H35: =E35-G35 -> 0 | I35: 1419
A36: 1420 | B36: Cartera de crèditos para la microempresa | C36: 829711.52 | D36: =E36-C36 -> 70436.98 | E36: =+G36 -> 900148.5 | G36: =+D349 -> 900148.5 | H36: =E36-G36 -> 0 | I36: 1420
A37: 1425 | B37: Cartera de crèditos comercial proritario | C37: 0 | D37: =E37-C37 -> 0 | E37: 0 | H37: =E37-G37 -> 0
A38: 1426 | B38: Cartera Crédrito consumo prioritario | C38: 2538234.3 | D38: =E38-C38 -> -641509.07 | E38: =+G38 -> 1896725.2 | G38: =+D367 -> 1896725.2 | H38: =E38-G38 -> 0 | I38: 1426
A39: 1427 | B39: Cartera de Crédito inmobiliario que no Devenga Inte | C39: 17313.22 | D39: =E39-C39 -> 8229.85 | E39: =+G39 -> 25543.07 | G39: =+D373 -> 25543.07 | H39: =E39-G39 -> 0 | I39: 1427
A40: 1428 | B40: Cartera de Crédito para la microempresa | C40: 2106143.7 | D40: =E40-C40 -> -286867.77 | E40: =+G40 -> 1819275.9 | G40: =+D379 -> 1819275.9 | H40: =E40-G40 -> 0 | I40: 1428
A41: 1433 | B41: Cartera de Crédito comercial prioritario | C41: 0 | D41: =E41-C41 -> 0 | E41: 0 | H41: =E41-G41 -> 0
A42: 1434 | B42: Cartera de Crédito inmobiliiario refi | C42: 593743.78 | D42: =E42-C42 -> -174815.4 | E42: =+G42 -> 418928.38 | G42: =+D397 -> 418928.38 | H42: =E42-G42 -> 0 | I42: 1434
A43: 1435 | B43: Cartera de Crédito de consumo prioritario | D43: =E43-C43 -> 0 | H43: =E43-G43 -> 0
A44: 1436 | B44: Catera Microcredito Refinanciada Que | C44: 453134.81 | D44: =E44-C44 -> -78002.8 | E44: =+G44 -> 375132.01 | G44: =+D409 -> 375132.01 | H44: =E44-G44 -> 0 | I44: 1436
A45: 1441 | B45: Catera de credito comercial priorit | C45: 0 | D45: =E45-C45 -> 0 | E45: 0 | H45: =E45-G45 -> 0
A46: 1442 | B46: Cartera de Crédito consumo prioritario | C46: 359535.61 | D46: =E46-C46 -> -20825.13 | E46: =+G46 -> 338710.48 | G46: =+D427 -> 338710.48 | H46: =E46-G46 -> 0 | I46: 1442
A47: 1444 | B47: Cartera de Crédito para la microempresa | C47: 534920.01 | D47: =E47-C47 -> -20807.37 | E47: =+G47 -> 514112.64 | G47: =+D439 -> 514112.64 | H47: =E47-G47 -> 0 | I47: 1444
A48: 1449 | B48: Cartera de Crédito comercial prioritario | C48: 11683.15 | D48: =E48-C48 -> 2303.09 | E48: =+G48 -> 13986.24 | G48: =+D451 -> 13986.24 | H48: =E48-G48 -> 0 | I48: 1449
A49: 1450 | B49: Cartera de Crédito consumo prioritario | C49: 1161977.2 | D49: =E49-C49 -> 49198.84 | E49: =+G49 -> 1211176.1 | G49: =+D457 -> 1211176.1 | H49: =E49-G49 -> 0 | I49: 1450
A50: 1451 | B50: Cartera de Crédito inmobiliaria vencida | C50: 1089.02 | D50: =E50-C50 -> 568.35 | E50: =+G50 -> 1657.37 | G50: =+D463 -> 1657.37 | H50: =E50-G50 -> 0 | I50: 1451
A51: 1452 | B51: Cartera de Crédito para la microempresa | C51: 963811.39 | D51: =E51-C51 -> 61217 | E51: =+G51 -> 1025028.4 | G51: =+D470 -> 1025028.4 | H51: =E51-G51 -> 0 | I51: 1452
A52: 1457 | B52: Cartera de Crédito comercial prioritario | C52: 0 | D52: =E52-C52 -> 0 | E52: 0 | H52: =E52-G52 -> 0
A53: 1458 | B53: Cartera de Crédito consumo prioritario | C53: 87130.6 | D53: =E53-C53 -> 1002.06 | E53: =+G53 -> 88132.66 | G53: =+D489 -> 88132.66 | H53: =E53-G53 -> 0 | I53: 1458
A54: 1460 | B54: Cartera de microcredito refinanciada | C54: 89378.25 | D54: =E54-C54 -> 11273.63 | E54: =+G54 -> 100651.88 | G54: =+D502 -> 100651.88 | H54: =E54-G54 -> 0 | I54: 1460
A55: 1465 | B55: Cartera de crddito comercial prioritario | C55: 0 | D55: =E55-C55 -> 0 | E55: 0 | H55: =E55-G55 -> 0
A56: 1466 | B56: Cartera de Créditos de consumo proritario | C56: 94142.7 | D56: =E56-C56 -> 12785.24 | E56: =+G56 -> 106927.94 | G56: =+D521 -> 106927.94 | H56: =E56-G56 -> 0 | I56: 1466
A57: 1468 | B57: Cartera de Crédito para la microempresa | C57: 119584.25 | D57: =E57-C57 -> 8464.23 | E57: =+G57 -> 128048.48 | G57: =+D534 -> 128048.48 | H57: =E57-G57 -> 0 | I57: 1468 | M57: 5.4026185e+08
A58: 1499 | B58: Provisión Créditos Incobrables | C58: -4029313.4 | D58: =E58-C58 -> -366943.49 | E58: =+G58 -> -4396256.9 | G58: =+D601 -> -4396256.9 | H58: =E58-G58 -> 0 | I58: 1499 | M58: 5.3666907e+08
B59: Ctas. y Documentos por Cobrar | C59: 11300534 | D59: =E59-C59 -> 1070814.5 | E59: =+G59 -> 12371348 | G59: =+D619 -> 12371348 | H59: =E59-G59 -> 0 | I59: 16 | M59: =M57-M58 -> 3592783.3
B60: Bienes Arrend.y Adj.por Pago | C60: 1217256.7 | D60: =E60-C60 -> -2358008.4 | E60: =+G60 -> -1140751.7 | G60: =+D726 -> -1140751.7 | H60: =E60-G60 -> 0 | I60: 1702
B61: Bienes no utilizados por la Institución | C61: 232098.16 | D61: =E61-C61 -> 0 | E61: 232098.16 | G61: 232098.16 | H61: =E61-G61 -> 0 | I61: 1706+1799
B62: ACTIVOS FIJOS | C62: 4189746.3 | D62: =E62-C62 -> -5195276.8 | E62: =+G62 -> -1005530.5 | G62: =+D759 -> -1005530.5 | H62: =E62-G62 -> 0 | I62: 18
B63: Terrenos ,Construcción y Remodelación | C63: 980086.32 | D63: =E63-C63 -> -1985616.8 | E63: =+G63 -> -1005530.5 | G63: =+D760 -> -1005530.5 | H63: =E63-G63 -> 0 | I63: 1801
B64: Edificio | C64: 2987753.2 | D64: =E64-C64 -> 1150379.4 | E64: =+G64 -> 4138132.6 | G64: =+D763 -> 4138132.6 | H64: =E64-G64 -> 0 | I64: 1802
B65: Muebles Equipo y Enseres Oficina | C65: 1518431.1 | D65: =E65-C65 -> 1469322.1 | E65: =+G65 -> 2987753.2 | G65: =+D768 -> 2987753.2 | H65: =E65-G65 -> 0 | I65: 1805 | M65: 274714.64
B66: Equipo de Computación | C66: 1333251.7 | D66: =E66-C66 -> -1332247.6 | E66: =+G66 -> 1004.01 | G66: =+D777 -> 1004.01 | H66: =E66-G66 -> 0 | I66: 1806 | M66: 437921.77
B67: Unidad de Transporte | C67: 54150.99 | D67: =E67-C67 -> 1279100.7 | E67: =+G67 -> 1333251.7 | G67: =+D781 -> 1333251.7 | H67: =E67-G67 -> 0 | I67: 1807 | M67: =M65+M66 -> 712636.41 | N67: 4.6134924e+08
B68: Biblioteca | C68: 809.65 | D68: =E68-C68 -> 53341.34 | E68: =+G68 -> 54150.99 | G68: =+D786 -> 54150.99 | H68: =E68-G68 -> 0 | I68: 1890 | N68: 4.5811315e+08
B69: Depr. Acum. y Rvas. X Valuac. Inm. | C69: 2684736.6 | D69: =E69-C69 -> 0 | E69: 2684736.6 | G69: 2684736.6 | H69: =E69-G69 -> 0 | I69: 1899 | N69: =N67-N68 -> 3236091.1
B70: OTROS ACTIVOS | C70: 7819725.7 | D70: =E70-C70 -> -7887842.7 | E70: =+G70 -> -68117.06 | G70: =+D803-D865 -> -68117.06 | H70: =E70-G70 -> 0 | I70: 19-1908
B71: Inversiones en Acciones Participaciones | C71: 314683.84 | D71: =E71-C71 -> -366336.89 | E71: =+G71 -> -51653.05 | G71: =+D804 -> -51653.05 | H71: =E71-G71 -> 0 | I71: 1901
B72: Fondo de Liquidez | C72: 4391124.1 | D72: =E72-C72 -> -4077300.3 | E72: =+G72 -> 313823.84 | G72: =+D817 -> 313823.84 | H72: =E72-G72 -> 0 | I72: 1902 | M72: 5.9378284e+08
B73: Gastos y Pagos Anticipados | C73: 2774463.8 | D73: =E73-C73 -> -2569745.2 | E73: =+G73 -> 204718.59 | G73: =+D840+D848 -> 204718.59 | H73: =E73-G73 -> 0 | I73: 1904+1905 | M73: 5.8961409e+08
B74: Materiales Mercadería e Insumos(Proveeduría | C74: 16464.01 | D74: =E74-C74 -> -347139.46 | E74: =+G74 -> -330675.45 | G74: =+D861 -> -330675.45 | H74: =E74-G74 -> 0 | I74: 1906 | M74: =M72-M73 -> 4168753
B75: Otros | C75: 329986.38 | D75: =E75-C75 -> 1636558.1 | E75: =+G75 -> 1966544.5 | G75: =+D887 -> 1966544.5 | H75: =E75-G75 -> 0 | I75: 1990
B76: Prov.para Otros Activos Irrecuperables | C76: -6996.43 | D76: =E76-C76 -> 0 | E76: =+D906 -> -6996.43 | G76: 6996.43 | H76: =E76-G76 -> -13992.86 | I76: 1999
B77: TOTAL ACTIVO | C77: =C9+C22+C59+C60+C61+C70+C15+C62 -> 1.8723471e+08 | D77: =E77-C77 -> -16199892 | E77: =E9+E22+E59+E60+E61+E70+E15+E62 -> 1.7103482e+08
B78: CUENTAS RESULTADO DEUDORA | C78: 12762537 | D78: =E78-C78 -> 6107922.4 | E78: =+G78 -> 18870459 | G78: =+D1264 -> 18870459 | H78: =E78-G78 -> 0 | I78: 4
B79: TOTAL ACTIVO+CUENT. RESULT.DEUD. | C79: =C78+C77 -> 1.9999725e+08 | D79: =E79-C79 -> -10091969 | E79: =E78+E77 -> 1.8990528e+08
G83: 754928.24 | H83: 7.5262177e+08
G84: -443560.17 | H84: 6.1837265e+08
B85: Lic. Kerlys Pereira Olmedo | G85: =G83+G84 -> 311368.07 | H85: =H83-H84 -> 1.3424912e+08 | I85: =E77-H85 -> 36785702
B86: CONTADOR
H88: 6.4733349e+08
H89: 6.4283726e+08
H90: =H88-H89 -> 4496234.4
B91: noviembr
B92: codigo | C92: nombre | D92: saldofinal | E92: octubre
B93: 1 | C93: ACTIVO | D93: 1.6784189e+09 | E93: codigo | F93: nombre | G93: saldofinal
B94: 11 | C94: FONDOS DISPONIBLES | D94: 15144475 | E94: 1 | F94: ACTIVO | G94: 1.6313594e+09 | H94: septiembre
B95: 1101 | C95: CAJA | D95: 1302430.1 | E95: 11 | F95: FONDOS DISPONIBLES | G95: 11658131
B96: 110105 | C96: EFECTIVO | D96: 1299630.1 | E96: 1101 | F96: CAJA | G96: 1657428.2 | H96: 12133246
B97: 11010505 | C97: Caja General | D97: 0 | E97: 110105 | F97: EFECTIVO | G97: 1654628.2
B98: 11010510 | C98: Fdo.De Cambio | D98: 1164708.4 | E98: 11010505 | F98: Caja General | G98: 0 | H98: 1814721.6
B99: 11010515 | C99: Fdo.De Cambio(Atm) | D99: 134921.63 | E99: 11010510 | F99: Fdo.De Cambio | G99: 1551926.6 | H99: 2800
B100: 11010516 | C100: Fdo.De Cambio(Atm Jeli) | D100: 0 | E100: 11010515 | F100: Fdo.De Cambio(Atm) | G100: 102701.63 | H100: 7288452.4
B101: 11010520 | C101: Fondo Rotativo | D101: 0 | E101: 11010516 | F101: Fdo.De Cambio(Atm Jeli) | G101: 0 | H101: 60704.69
B102: 110110 | C102: CAJA CHICA | D102: 2800 | E102: 11010520 | F102: Fondo Rotativo | G102: 0 | H102: 8243966.4
B103: 11011005 | C103: Caja Chica | D103: 2800 | E103: 110110 | F103: CAJA CHICA | G103: 2800 | H103: 0
B104: 1102 | C104: DEPOSITOS PARA ENCAJE | D104: 3025206.7 | E104: 11011005 | F104: Caja Chica | G104: 2800 | H104: 0
...

Sheet INFOR.FIN.PASIVO.SEP-22
A2: SANTA ROSA LTDA
A3: INFORME FINANCIERO (CONSOLIDADO) | F3: =+F62 -> 1.6457577e+09 | G3: 2
A4: AL 30 DE NOVIEMBRE 2022 | F4: =+F332 -> 1.4885505e+09 | G4: 2908
A5: DOLARES | F5: =F3-F4 -> 1.5720719e+08
A6: NOMBRE DE LA CUENTA | B6: SALDO DEL | C6: MOVIMIENTO | D6: SALDO
B7: MES ANTERIOR | C7: DEL MES | D7: ACTUAL
A8: PASIVOS | B8: 1.5424544e+08 | C8: =D8-B8 -> 2961746.7 | D8: =+F5 -> 1.5720719e+08 | E8: =+F5 -> 1.5720719e+08 | F8: =D8-E8 -> 0 | G8: 2-29.08 | I8: 6.9691616e+08
A9: CORRIENTE | C9: =D9-B9 -> 0 | I9: 5.8961409e+08
A10: Ahorros Activos e Inactivos | B10: 14070404 | C10: =D10-B10 -> -215034.48 | D10: =+F70 -> 13855370 | F10: 14070404 | G10: 210135 | H10: =F10-D10 -> 215034.48 | I10: =I8-I9 -> 1.0730207e+08
A11: Depósitos Activos e Inactivos | B11: 20360073 | C11: =D11-B11 -> 328084.38 | D11: =+F77 -> 20688157 | F11: 20360073 | G11: 210140 | H11: =F11-D11 -> -328084.38
A12: Ahorros y Depósitos por Confirmar | B12: 167031.08 | C12: =D12-B12 -> -87035.25 | D12: =+F82 -> 79995.83 | F12: 167031.08 | G12: 210150 | H12: =F12-D12 -> 87035.25
A13: Depósitos Plazo(1 a 30 días) | B13: 15212571 | C13: =D13-B13 -> -2789185 | D13: =+F94 -> 12423386 | F13: 15212571 | G13: 210305 | H13: =F13-D13 -> 2789185
A14: Depósitos Plazo(31 a 90 días) | B14: 20225209 | C14: =D14-B14 -> 5897969.8 | D14: =+F96 -> 26123179 | F14: 20225209 | G14: 210310 | H14: =F14-D14 -> -5897969.8
A15: Depósitos Plazo(91-180 días | B15: 31901907 | C15: =D15-B15 -> -3541252.1 | D15: =+F98 -> 28360654 | F15: 31901907 | G15: 210315 | H15: =F15-D15 -> 3541252.1
A16: Depósitos Plazo(181-360 días) | B16: 34790962 | C16: =D16-B16 -> 3526579.5 | D16: =+F100 -> 38317541 | F16: 34790962 | G16: 210320 | H16: =F16-D16 -> -3526579.5
A17: De más de 361 días | B17: 7550307.7 | C17: =D17-B17 -> 1136752.7 | D17: =+F102 -> 8687060.4 | F17: 7550307.7 | G17: 210325 | H17: =F17-D17 -> -1136752.7
A18: Depósitos en Garantía | B18: 934.51 | C18: =D18-B18 -> 0 | D18: =+F143 -> 934.51 | F18: 0 | G18: 250120
A19: Depósitos Restringidos | B19: 0 | C19: =D19-B19 -> 0 | D19: =+F106 -> 0 | F19: 0 | G19: 21.05
A20: Intereses por Pagar | B20: 34505.88 | C20: =D20-B20 -> 82831.41 | D20: =+F132 -> 117337.29 | F20: 34505.88 | G20: 2501 | H20: =D20-F20 -> 82831.41
A21: Obligaciones Patronales | B21: 512455.65 | C21: =D21-B21 -> 42725.2 | D21: =+F152 -> 555180.85 | F21: 512455.65 | G21: 2503- | H21: =D21-F21 -> 42725.2
A22: Décimo tercer sueldo | B22: 144167.58 | C22: =D22-B22 -> 28866.13 | D22: =+F155 -> 173033.71 | F22: 144167.58 | G22: 25031005 | H22: =D22-F22 -> 28866.13
A23: Décimo cuarto sueldo | B23: 37932.96 | C23: =D23-B23 -> 14093.75 | D23: =+F156 -> 52026.71 | F23: 37932.96 | G23: 25031010 | H23: =D23-F23 -> 14093.75 | J23: 6.1895565e+08
A24: Fondo de Retiro | B24: 445 | C24: =D24-B24 -> 2187 | D24: =+F157 -> 2632 | F24: 445 | G24: 25031015 | H24: =D24-F24 -> 2187 | J24: 6.1837265e+08
A25: Fondo de Jubilación | B25: 256323.63 | C25: =D25-B25 -> 211.25 | D25: =+F158 -> 256534.88 | F25: 256323.63 | G25: 25031020 | H25: =D25-F25 -> 211.25 | J25: =J23-J24 -> 583001.35
A26: Retenciones | B26: 415542.06 | C26: =D26-B26 -> -30394.64 | D26: =+F169 -> 385147.42 | F26: 415542.06 | G26: 2504 | H26: =D26-F26 -> -30394.64
A27: Contribucion Imp.y Multas | B27: 487.09 | C27: =D27-B27 -> 0 | D27: =+F202 -> 487.09 | F27: 487.09 | G27: 2505 | H27: =D27-F27 -> 0
A28: Proveedores | B28: 42991.28 | C28: =D28-B28 -> -4133.24 | D28: =+F215 -> 38858.04 | F28: 42991.28 | G28: 5.6332126e+08 | H28: 2506
A29: Cuentas por Pagar Varias | B29: 231184.39 | C29: =D29-B29 -> 10187.47 | D29: =+F224 -> 241371.86 | F29: 231184.39 | G29: 5.6270675e+08 | H29: 2590
A30: Obligacions Financieras | B30: 8272276 | C30: =D30-B30 -> -1384037 | D30: =+F245 -> 6888239.1 | F30: 8272276 | G30: =+G28-G29 -> 614516.24 | H30: 26
A31: OTROS PASIVOS | B31: 394486.57 | C31: =D31-B31 -> -13854.24 | D31: =+F325-F332 -> 380632.33 | F31: 394486.57 | H31: 29-2908
A32: CAPITAL SOCIAL | B32: 12930795 | C32: =D32-B32 -> 63197.67 | D32: =+F372 -> 12993993 | E32: =D32+D34+D36+D37+D39 -> 32507731 | F32: =+F371 -> 32507731 | G32: =+E32-F32 -> 0 | H32: 31 | J32: 11938590
A33: Aporte de Socios | B33: 12930795 | C33: =D33-B33 -> 63197.67 | D33: =+F374 -> 12993993 | E33: CUENTA 3103 | H33: 3103 | J33: 11938590
A34: RESERVAS | B34: 15999709 | C34: =D34-B34 -> 151891.77 | D34: =+F375 -> 16151601 | E34: CUENTA 33 | H34: 33 | J34: 12483821
A35: Reservas | B35: 15999709 | C35: =D35-B35 -> 151891.77 | D35: =+D34 -> 16151601 | H35: 33 | J35: 12483821
A36: APORTE PATRIMONIAL | B36: 3362137.4 | C36: =D36-B36 -> 0 | D36: =+F397 -> 3362137.4 | E36: CUENTA 35 | H36: 35 | J36: 2753949.7
A37: Aportes Patrimoniales | B37: 0 | C37: =D37-B37 -> 0 | D37: =+F393 -> 0 | E37: CUENTA 34 | H37: 34 | J37: 0
A38: Superávit por Valuaciones | B38: 3362137.4 | C38: =D38-B38 -> -3362137.4 | D38: =+F396 -> 0 | H38: 35 | J38: 2753949.7
A39: UTILIDAD DEL EJERCICIO | B39: 0 | C39: =D39-B39 -> 0 | D39: =+F408 -> 0 | H39: 36 | J39: 77003.89
A40: INGRESOS | B40: 14403776 | C40: =D40-B40 -> 29389114 | D40: =SUM(D41:D54) -> 43792890 | E40: =+F657 -> 0 | F40: =+D40-E40 -> 43792890 | H40: 5 | J40: 7830473.1
A41: Interés de Crédito Comercial | B41: 3236842.6 | C41: =D41-B41 -> 12934551 | D41: =+F679 -> 16171394 | H41: 510405 | J41: 3236842.6 | L41: =J41-D41 -> -12934551
A42: Interés de Crédito Consumo | B42: 4477600 | C42: =D42-B42 -> -582037.73 | D42: =+F680 -> 3895562.3 | H42: 510410 | J42: 4477600 | L42: =J42-D42 -> 582037.73
A43: Interés de Crédito inmobiliario | B43: 247329.75 | C43: =D43-B43 -> 5403941.9 | D43: =+F681 -> 5651271.7 | H43: 510415 | J43: 247329.75 | L43: =J43-D43 -> -5403941.9
A44: Interés de Crédito Microempresa | B44: 3365069.8 | C44: =D44-B44 -> -3057138.8 | D44: =+F682 -> 307931.01 | H44: 510420 | J44: 3365069.8 | L44: =J44-D44 -> 3057138.8
A45: Cartera De Crédito Comercial Ordinario | B45: 0 | C45: =D45-B45 -> 0 | D45: 0 | H45: 510425 | J45: 0 | L45: =J45-D45 -> 0
A46: Interés de Crédito Reestructurada510420 | B46: 961306.1 | C46: =D46-B46 -> -400242.75 | D46: =+F685+F686 -> 561063.35 | H46: 510429+510430 | J46: 961306.1 | L46: =J46-D46 -> 400242.75
A47: Interés de Mora | B47: 119924.38 | C47: =D47-B47 -> 241921.92 | D47: =+F688 -> 361846.3 | H47: 510450 | J47: 119924.38 | L47: =J47-D47 -> -241921.92
A48: Interés Depósitos(Ah.y Corriente) | B48: 70686.78 | C48: =D48-B48 -> 16697958 | D48: =+F662 -> 16768645 | H48: 5101 | J48: 70686.78 | L48: =J48-D48 -> -16697958
A49: Interés y Desc.Inversiones | B49: 442120.53 | C49: =D49-B49 -> -442120.53 | D49: =+F669 -> 0 | H49: 5103 | J49: 442120.53 | L49: =J49-D49 -> 442120.53
A50: Comisiones Ganadas | B50: 16134.2 | C50: =D50-B50 -> -16134.2 | D50: =+F693 -> 0 | H50: 52 | J50: 16134.2 | L50: =J50-D50 -> 16134.2
A51: Utilidades Financieras | B51: 28950.31 | C51: =D51-B51 -> -5950.61 | D51: =+F701 -> 22999.7 | H51: 53 | J51: 28950.31 | L51: =J51-D51 -> 5950.61
A52: Ingresos por Servicios | B52: 330646.73 | C52: =D52-B52 -> -330646.73 | D52: =+F712 -> 0 | H52: 54 | J52: 330646.73 | L52: =J52-D52 -> 330646.73
A53: Otros Ingresos operacionales | B53: 0 | C53: =D53-B53 -> 52176.96 | D53: =+F778 -> 52176.96 | H53: 55 | J53: 0 | L53: =J53-D53 -> -52176.96
A54: Otros Ingresos | B54: 1107164.6 | C54: =D54-B54 -> -1107164.6 | D54: =+F787 -> 0 | G54: TIENE Q QUEADAR EN CERO | H54: 56 | J54: 1107164.6 | L54: =J54-D54 -> 1107164.6
A55: TOT.PAS.PATRIM.CT.RES.ACRE. | B55: 1.505072e+08 | C55: =D55-B55 -> 83000607 | D55: =+D8+D32+D34+D36+D40+D39+D37 -> 2.3350781e+08 | E55: =+'INFOR.FIN.ACTIVO.sep-22'!E79 -> 1.8990528e+08 | F55: =+E55-D55 -> -43602524 | G55: =IF(F55=0,"CORRECTO","INCORRECTO") -> INCORRECTO
A58: Lic. Kerlys Pereira Olmedo
A59: CONTADOR
H60: 52280.4
D61: codigo | E61: nombre | F61: saldofinal | H61: 48379.85
D62: 2 | E62: PASIVOS | F62: 1.6457577e+09 | G62: =+F62-F331 -> 1.6457577e+09
D63: 21 | E63: OBLTGACTONES CON EL PÚBLICO | F63: 1.4859993e+08
D64: 2101 | E64: DEPÓSITOS A LA VISTA | F64: 34688111
D65: 210105 | E65: DEPÓSITOS MONETARIOS QUE GENERAN INTERESES | F65: 0
D66: 210110 | E66: DEPÓSITOS MONETARIOS QUE NO GENERAN INTERESES | F66: 0
D67: 210115 | E67: DEPÓSITOS MONETARIOS DE INSTITUCIONES FINANCIERAS | F67: 0
D68: 210130 | E68: CHEQUES CERTIFICADOS | F68: 0
D69: 210131 | E69: CHEQUES DE EMERGENCIA | F69: 0
D70: 210135 | E70: DEPÓSITOS DE AHORRO | F70: 13855370
D71: 21013505 | E71: Depósitos De Ahorro(Activas Ahorros) | F71: 13769177
D72: 21013510 | E72: Depósitos De Ahorro(Inmovilizadas Ahorro | F72: 210.62
D73: 21013515 | E73: Depósitos De Ahorro(Ahorro Activos Progr | F73: 23686.12
D74: 21013520 | E74: Depósitos De Ahorro(Ahorro Progrupo) | F74: 0
... D1236: 749090 | E1236: OTRAS | F1236: 0

Sheet Informe de compatibilidad
B1: Informe de compatibilidad para INFORMES FINANCIEROS JULIO.2014.xls
B2: Ejecutar el 08/06/2015 10:05
B4: Las siguientes características de este libro no son compatibles con versiones anteriores de Excel. Estas características podrían perderse o degradarse si guarda el libro con un formato de archivo anterior.
B6: Pérdida menor de fidelidad | E6: Nº de apariciones
B8: Algunas celdas o estilos de este libro contienen un formato no admitido en el formato de archivo seleccionado. Estos formatos se convertirán al formato más cercano disponible. | E8: 1
